 Dungeon Crawl Stone Soup version 0.32-a0-913-g739538afd8 (webtiles) character file.

Game seed: 13960286254839076605

245 ezpacito the Trooper (level 6, -3/48 HPs)
             Began as a Coglin Chaos Knight on Apr 10, 2024.
             Was a Plaything of Xom.
             Slain by a deep troll (4 damage)
             ... on level 4 of the Dungeon.
             The game lasted 00:03:18 (2346 turns).

ezpacito the Trooper (Coglin Chaos Knight)          Turns: 2346, Time: 00:03:19

Health: -3/48      AC:  8    Str: 15    XL:     6   Next: 10%
Magic:  7/7        EV:  6    Int: 11    God:    Xom [.*....]
Gold:   194        SH:  0    Dex: 13    Spells: 7/7 levels left

rFire   . . .        a - +0 hand axe (chaos) {Magnus}
rCold   . . .        e - +4 trident {Cuahtemoc}
rNeg    . . .        u - +0 chain mail
rPois   .            (no helmet)
rElec   .            (no cloak)
rCorr   .            (no gloves)
SInv    .            (no boots)
Will    .....        (amulet unavailable) Stlth
                     (ring unavailable)
HPRegen 0.28/turn    (ring unavailable)
MPRegen 0.10/turn    (no gizmo)

%: no passive effects
@: revving
A: off-hand wielding, slow wielding, warmup strikes, no jewellery
a: Invent Gizmo, Renounce Religion


You were on level 4 of the Dungeon.
You worshipped Xom.
You were a plaything of Xom.
You visited 1 branch of the dungeon, and saw 4 of its levels.

You collected 194 gold pieces.

Inventory:

Hand Weapons
 a - a +0 hand axe of chaos (weapon) {Magnus}
 e - a +4 trident (offhand) {Cuahtemoc}
Missiles
 b - 6 boomerangs
 m - 10 poisoned darts (quivered)
Armour
 u - a +0 chain mail (worn)
Talismans
 g - a beast talisman
 o - a granite talisman
Wands
 t - a wand of iceblast (8)
Scrolls
 c - 2 scrolls of butterflies
 h - a scroll of teleportation {unknown}
 j - a scroll of vulnerability {unknown}
 l - a scroll of immolation {unknown}
 n - a scroll of enchant armour {unknown}
 p - a scroll of brand weapon {unknown}
 B - 2 scrolls of blinking
Potions
 d - a potion of might
 f - a potion of cancellation
 q - 7 potions of curing
 r - a potion of attraction
 s - a potion of haste {unknown}


   Skills:
 * Level 3.7 Fighting
 * Level 3.7(4.0) Axes
 * Level 1.8(2.8) Polearms
 * Level 2.7 Armour
 * Level 2.2 Dodging
 + Level 1.0 Stealth
 + Level 1.0 Spellcasting
 + Level 0.7 Evocations
 + Level 0.6 Shapeshifting


You had 7 spell levels left.
You didn't know any spells.
Your spell library was empty.

Dungeon Overview and Level Annotations

Branches:
Dungeon (4/15)
 Temple: D:4-7

Altars:
Nemelex Xobeh


Innate Abilities, Weirdness & Mutations

You can wield a second weapon in your off-hand.
It takes a long time for you to wield or remove held weapons.
Your first few attacks do less damage.
You cannot equip rings or amulets.


Message History

The liquid fire burns you!
You take 5 damage, and have 27/48 hp.
You shake off the liquid fire.
The dart slug launches a dart at you.
The slug dart hits you but does no damage.
Found a stone staircase leading down.
The dart slug launches a dart at you. The slug dart misses you.
The dart slug briefly extends its eye-stalks.
The dart slug bites you but does no damage.
You see here a scroll of identify.
You hit the dart slug with your +0 hand axe of chaos.
The dart slug is poisoned.
The dart slug is lightly wounded.
You puncture the dart slug with your +4 trident!
You kill the dart slug!
You see here a dart slug corpse.
i - a scroll of identify;
u - a +0 chain mail (worn)
As you read the scroll of identify, it crumbles to dust.
k - 2 scrolls of blinking;
B - 2 scrolls of blinking A scorpion comes into view.
You regained 15 hp, and now have 44/48 hp.
A scorpion is nearby!
A scorpion is nearby! "This might be better!"
The scorpion evaporates and reforms as a deep troll!
You reach to attack!
You closely miss the deep troll with your +4 trident.
You hit the deep troll with your +4 trident.
The deep troll is lightly wounded.
You closely miss the deep troll with your +0 hand axe of chaos.
The deep troll bites you. The deep troll claws you. The deep troll claws you!
The deep troll bites you!
* * * LOW HITPOINT WARNING * * *
The deep troll claws you!
* * * LOW HITPOINT WARNING * * *
Xom thinks this is hilarious!
The deep troll claws you.
You die...
Xom is highly amused!

#....... #.#..# #......
#.#..### #..... .. #.#.....
#####.#.# .# ##.#.####
.......†# #.# .##.#.#...
........#####.###.##.#.#.#.
..................##.#.†...
...........................
........#.@T......##†#####.
.#.>..#.#........##........
#......#...)....##......#.
#......#................#
#......#...$....#.......!#
#......#........#.........
#.###.####.####.#.# #. #.#
#.# .#.# #. #.# #.# #


You could see a deep troll.

Vanquished Creatures
  A bombardier beetle (D:4)
  An orc priest (D:3)
  Natasha (twice) (D:4)
  An orc wizard (D:3)
  4 adders
  2 dart slugs
  8 orcs
  4 endoplasms
  A giant cockroach (D:2)
  3 goblins
  4 hobgoblins
  10 kobolds
  4 quokkas
  9 ball pythons
  4 bats
  4 rats
62 creatures vanquished.

Notes
Turn   | Place    | Note
-------+----------+-------------------------------------------
     0 | D:1      | ezpacito the Coglin Chaos Knight began the quest for the
                  | Orb.
     0 | D:1      | Reached XP level 1. HP: 18/18 MP: 1/1
    41 | D:1      | XOM: divination: detect creatures
    74 | D:1      | Reached skill level 1 in Dodging
   103 | D:1      | XOM: silly message
   148 | D:1      | Reached XP level 2. HP: 24/24 MP: 2/2
   162 | D:1      | XOM: divination: detect creatures
   366 | D:1      | XOM: silly message
   613 | D:1      | XOM: silly message
   743 | D:2      | Reached XP level 3. HP: 29/29 MP: 3/3
   789 | D:2      | XOM: cloud trail
  1095 | D:2      | XOM: noise
  1302 | D:3      | XOM: potion effect (berserk rage)
  1313 | D:3      | Reached skill level 1 in Polearms
  1399 | D:3      | Reached XP level 4. HP: 35/35 MP: 4/4
  1407 | D:3      | XOM: potion effect (invisibility)
  1689 | D:3      | Reached XP level 5. HP: 29/41 MP: 6/6
  1691 | D:3      | Found a faded altar of an unknown god.
  1777 | D:3      | XOM: silly message
  1852 | D:3      | XOM: 1-stop teleportation journey
  2136 | D:4      | Found a sparkling altar of Nemelex Xobeh.
  2213 | D:4      | Noticed Natasha
  2221 | D:4      | Killed Natasha
  2245 | D:4      | Noticed Natasha
  2247 | D:4      | Killed Natasha
  2248 | D:4      | Reached skill level 1 in Stealth
  2275 | D:4      | Reached skill level 1 in Spellcasting
  2275 | D:4      | Reached XP level 6. HP: 46/48 MP: 7/7
  2342 | D:4      | a scorpion changed into a deep troll
  2342 | D:4      | Noticed a deep troll
  2342 | D:4      | XOM: polymorph scorpion -> deep troll
  2346 | D:4      | HP: 1/48 [deep troll (9)]
  2346 | D:4      | Slain by a deep troll

Illustrated notes

Levels and vault maps discovered:
D:1:      evilmike_arrival_rings, layout_rooms
D:2:      layout_basic
D:3:      layout_loops_ring, hellmonk_ecumenical_altar_prayer_group
D:4:      layout_basic, mainiacjoe_overflow_six_doors_small,
          minmay_misc_feat_enclosed, uniq_natasha

Skill      XL: |  1  2  3  4  5 |
---------------+----------------+-----
Dodging        | 1 2 |  2.2
Armour         | 2 |  2.7
Polearms       | 1 |  1.8
Stealth        | 1 |  1.0
Spellcasting   | 1 |  1.0
Fighting       | |  3.7
Axes           | |  3.7
Evocations     | |  0.7
Shapeshifting  | |  0.6

Action                     |  1- 3 |  4- 6 || total
---------------------------+-------+-------++-------
  Melee: Hand axe          |    56 |    30 ||    86
         Dagger            |    47 |       ||    47
         Trident           |     4 |    47 ||    51
    Use: Scroll            |     5 |     1 ||     6
   Stab: Paralysed         |     1 |       ||     1
         Invisible         |       |     3 ||     3
 Armour: Leather armour    |    32 |     3 ||    35
         Chain mail        |       |    31 ||    31
  Dodge: Dodged            |    34 |     8 ||    42

Table legend: (Time is in decaauts)
 A = Elapsed time spent in this place.
 B = Non-inter-level travel time spent in this place.
 C = Inter-level travel time spent in this place.
 D = Time resting spent in this place.
 E = Time spent auto-exploring this place.
 F = Levels seen in this place.
 G = Mean time per level.
                   A        B        C        D        E       F      G
               +--------+--------+--------+--------+--------+-----+--------+
         Total |   2367 |   2250 |    117 |      0 |   1800 |   4 |  591.8 |
       Dungeon |   2367 |   2250 |    117 |      0 |   1800 |   4 |  591.8 |
               +--------+--------+--------+--------+--------+-----+--------+

Top non-repeatable levels by time:
     D:3: 895 daAuts
     D:2: 632 daAuts
     D:1: 618 daAuts
     D:4: 221 daAuts
